 Dungeon Crawl Stone Soup version 0.21.1-1-g345015f (webtiles) character file.

145 shakethe the Changer (level 5, -3/33 HPs)
             Began as an Octopode Transmuter on Feb 7, 2018.
             Slain by a worker ant (6 damage)
             ... on level 4 of the Dungeon.
             The game lasted 00:10:43 (2662 turns).

shakethe the Changer (Octopode Transmuter)          Turns: 2662, Time: 00:10:44

Health: -3/33      AC:  1    Str:  9    XL:     5   Next: 27%
Magic:  7/8        EV: 13    Int: 16    God:
Gold:   103        SH:  0    Dex: 13    Spells: 2/8 levels left

rFire    . . .     SeeInvis .     - Unarmed
rCold    . . .     Gourm    .   (no shield)
rNeg     . . .     Faith    .   (helmet restricted)
rPois    .         Spirit   .   (no amulet)
rElec    .         Reflect  .   (no ring)
rCorr    .         Harm     .   (no ring)
MR       .....                  (no ring)
Stlth    ++........             (no ring)
HPRegen  0.11/turn              (no ring)
MPRegen  0.11/turn              (no ring)
                                (no ring)
                                (no ring)

@: lethally poisoned (-3 -> -11), appendage, very slightly contaminated
A: almost no armour, stealthy swim, amphibious, 8 rings, constrict 8, tentacle
spike 3, camouflage 1, gelatinous body 1
a: End Transformation


You were on level 4 of the Dungeon.
You were not hungry.
One of your tentacles had a temporary spike.
You visited 1 branch of the dungeon, and saw 4 of its levels.

You collected 103 gold pieces.

Inventory:

Missiles
 a - 18 arrows
Wands
 m - a wand of iceblast (9)
Scrolls
 e - 2 scrolls of remove curse {unknown}
 f - a scroll of teleportation {unknown}
 h - 2 scrolls of magic mapping {unknown}
 j - 5 scrolls of identify {unknown}
Potions
 d - a potion of cancellation {unknown}
 g - 2 potions of degeneration {unknown}
 i - 2 potions of lignification {unknown}
 k - a potion of curing {unknown}
Books
 b - a book of Changes

   Spells                             Type                      Level
   a - Beastly Appendage              Transmutation                1
   b - Sticks to Snakes               Transmutation                2
   c - Spider Form                    Transmutation/Poison         3
   d - Ice Form                       Ice/Transmutation            4
   e - Blade Hands                    Transmutation                5
Comestibles
 c - 5 rations
 l - 2 chunks of flesh


   Skills:
 - Level 1.0 Fighting
 - Level 2.0 Dodging
 - Level 3.0 Unarmed Combat
 - Level 2.0 Spellcasting
 + Level 5.3 Transmutations


You had 2 spell levels left.
You knew the following spells:

 Your Spells              Type           Power        Failure   Level  Hunger
a - Beastly Appendage     Tmut           ###...       2%          1    #......
b - Sticks to Snakes      Tmut           ###.....     3%          2    ###....
c - Spider Form           Tmut/Pois      ##........   21%         3    ###....


Dungeon Overview and Level Annotations

Branches:
Dungeon (4/15)
 Temple: D:4-7

Altars:
Trog

Annotations:
D:4 Pikel


Innate Abilities, Weirdness & Mutations

You cannot wear most types of armour.
You are very stealthy in the water. (Stealth+)
You are amphibious.
You can wear up to eight rings at the same time.
You can use your tentacles to constrict eight enemies at once.
Your skin changes colour to match your surroundings (Stealth+).
Your rubbery body absorbs attacks. (AC +1, EV +1)
One of your tentacles bears a large vicious spike.


Message History

You slide downwards.
The hatch slams shut behind you.
A worker ant, a scorpion, 3 slaves and Pikel come into view.
Pikel is wielding a whip of freezing.
* * * LOW HITPOINT WARNING * * *
You feel sick.
Found a hunting sling.
* * * LOW HITPOINT WARNING * * *
You feel sick.
Pikel shouts!
The slave shouts! x2
The worker ant twitches its antennae in your direction.
The adder bites you.
* * * LOW HITPOINT WARNING * * *
* * * LOW HITPOINT WARNING * * *
You feel sick.
The slave shouts!
The adder misses you.
You open the door.
* * * LOW HITPOINT WARNING * * *
You feel sick. The scorpion barely misses you. The worker ant bites you.
You die...

#......#
#......#
#p...p.###
#...K.....
#p........
#.........
#.........
#Sa...)##.
#@s....#
......'.........
......#......##.
.....[#......#
..... ######+#
..... .... ....


You could see Pikel, 3 slaves, a scorpion, a worker ant and an adder.

Vanquished Creatures
  2 orc priests (D:3)
  An adder (D:3)
  2 dart slugs
  A leopard gecko (D:1)
  8 orcs
  A giant cockroach (D:1)
  6 goblins
  3 hobgoblins
  6 kobolds
  3 quokkas
  6 bats
  2 frilled lizards
  6 rats
47 creatures vanquished.

Vanquished Creatures (collateral kills)
  A worker ant (D:2)
  A dart slug (D:1)
2 creatures vanquished.

Grand Total: 49 creatures vanquished

Notes
Turn   | Place    | Note
-------+----------+-------------------------------------------
     0 | D:1      | shakethe the Octopode Transmuter began the quest for the Orb.
     0 | D:1      | Reached XP level 1. HP: 13/13 MP: 3/3
   123 | D:1      | Reached XP level 2. HP: 15/18 MP: 3/5
   216 | D:1      | Reached skill level 3 in Transmutations
   465 | D:1      | Learned a level 2 spell: Sticks to Snakes
   632 | D:1      | Reached XP level 3. HP: 22/23 MP: 1/6
   893 | D:2      | Learned a level 3 spell: Spider Form
  1059 | D:2      | Reached skill level 4 in Transmutations
  1294 | D:2      | Found a bloodstained altar of Trog.
  1832 | D:3      | Reached XP level 4. HP: 9/28 MP: 3/7
  2203 | D:3      | Reached skill level 5 in Transmutations
  2203 | D:3      | Reached XP level 5. HP: 6/33 MP: 6/8
  2658 | D:4      | Noticed Pikel
  2658 | D:4      | Noticed a slave
  2658 | D:4      | Noticed a slave
  2658 | D:4      | Noticed a slave
  2662 | D:4      | Slain by a worker ant

Skill      XL: |  1  2  3  4 |
---------------+-------------+-----
Transmutations | 3 4 5 |  5.3
Fighting       | |  1.0
Dodging        | |  2.0
Unarmed Combat | |  3.0
Spellcasting   | |  2.0

Action                   |  1- 3 |  4- 6 || total
-------------------------+-------+-------++-------
Melee: Unarmed           |    75 |    38 ||   113
       Constrict         |    24 |    11 ||    35
       Kick              |    10 |    13 ||    23
       Tentacles         |    11 |     8 ||    19
       Punch             |     1 |     1 ||     2
 Cast: Beastly Appendage |    18 |    10 ||    28
       Sticks to Snakes  |     6 |     1 ||     7
 Stab: Sleeping          |     4 |     1 ||     5
  Eat: Chunk             |     2 |     1 ||     3
       Ration            |       |     1 ||     1
Armor: Skin              |     8 |     2 ||    10
Dodge: Dodged            |    58 |    35 ||    93
